Map: Ever Dream LE

Players

NXZ

  • Race: Zerg Zerg
  • Spawn Location: 7:00

Probe - Winner!

  • Race: Protoss Protoss
  • Spawn Location: 1:00

Event: DreamHack SC2 Masters 2020 Summer Oceania RoA

VOD

Have the link to the VOD?

Description

Time

  • Played on: June 26, 2020, 6:09 a.m.
  • Length: 10:48

All games in this series

Show
View Real Time Build Order
Export as new Build Order

NXZ Zerg 

Build Orders: Hatch First, Muta Ling Bane 

Get SALT Encoding   

  12  0:00  Drone  
  13  0:12  Overlord  
  13  0:17  Drone  
  14  0:31  Drone x2  
  16  0:47  Hatchery  
  15  0:50  Drone  
  15  0:54  Drone  
  17  0:57  Drone  
  18  1:07  Extractor  
  17  1:12  Spawning Pool  
  17  1:15  Drone  
  17  1:19  Drone  
  18  1:28  Drone  
  19  1:39  Drone  
  20  1:50  Overlord  
  20  1:59  Queen x2  
  20  2:00  Zergling x2  
  20  2:01  Zergling x2  
  26  2:09  Metabolic Boost  
  26  2:10  Drone  
  26  2:11  Drone  
  28  2:21  Drone x2  
  30  2:35  Hatchery  
  29  2:42  Drone  
  29  2:43  Overlord  
  31  2:44  Drone  
  31  2:45  Drone  
  32  2:52  Overlord  
  32  2:57  Overlord  
  32  3:11  Drone x2  
  32  3:12  Drone x6  
  40  3:17  Drone  
  40  3:18  Drone  
  42  3:22  Queen  
  44  3:28  Queen  
  44  3:32  Overlord  
  46  3:35  Spore Crawler  
  46  3:38  Spore Crawler  
  46  3:39  Drone  
  45  3:44  Drone x3  
  45  3:47  Drone  
  49  3:53  Drone x2, Spore Crawler  
  49  3:54  Drone  
  52  3:55  Drone  
  52  3:56  Drone  
  52  4:01  Drone x2  
  55  4:07  Lair  
  55  4:10  Drone x2  
  55  4:13  Drone x2, Extractor x2  
  55  4:15  Drone  
  58  4:18  Zergling x2  
  58  4:19  Zergling x4  
  58  4:21  Zergling x2  
  62  4:25  Overlord  
  62  4:31  Overlord  
  62  4:36  Drone x3  
  62  4:41  Drone x4  
  62  4:45  Drone x4  
  70  4:48  Drone  
  70  4:50  Drone x3  
  74  4:53  Drone  
  74  4:54  Drone  
  74  4:58  Drone  
  77  5:01  Drone  
  77  5:04  Overlord  
  78  5:08  Extractor  
  78  5:09  Spire  
  78  5:11  Extractor  
  78  5:12  Extractor  
  73  5:18  Drone  
  73  5:19  Drone x5  
  80  5:21  Drone  
  80  5:22  Drone  
  80  5:23  Hatchery, Drone  
  81  5:31  Baneling Nest  
  81  5:32  Evolution Chamber  
  81  5:34  Overlord x3  
  79  5:36  Zergling x4  
  79  5:37  Zergling x2  
  82  5:49  Overlord x2  
  82  6:00  Overlord x2  
  82  6:03  Spore Crawler  
  79  6:07  Drone x8  
  79  6:08  Spore Crawler  
  78  6:15  Drone x3  
  79  6:21  Spore Crawler  
  79  6:22  Lair  
  79  6:23  Drone x4  
  79  6:24  Drone  
  83  6:26  Zerg Melee Weapons Level 1  
  83  6:39  Corruptor x3  
  88  6:40  Corruptor  
  88  6:46  Corruptor  
  92  6:47  Corruptor  
  92  7:00  Corruptor x3  
  95  7:06  Drone x2  
  95  7:07  Drone x6  
  103  7:10  Centrifical Hooks  
  103  7:22  Zerg Flyer Weapons Level 1  
  103  7:26  Spore Crawler x2  
  103  7:27  Overlord x3  
  101  7:33  Overlord x2  
  100  7:39  Drone x6  
  103  7:46  Drone x7  
  110  7:52  Queen x2  
  110  7:53  Queen  
  117  8:05  Zergling x2  
  117  8:06  Zergling x20  
  127  8:15  Drone x3  
  130  8:30  Hatchery  
  130  8:33  Mutalisk  
  130  8:34  Mutalisk x6  
  130  8:36  Overlord x2  
  142  8:43  Extractor x2  
  142  8:47  Mutalisk  
  142  8:55  Mutalisk x2  
  142  8:56  Mutalisk x4  
  142  8:59  Mutalisk x2  
  158  9:06  Mutalisk  
  149  9:18  Hatchery  
  149  9:20  Spine Crawler x3  
  149  9:21  Spine Crawler x3  
  149  9:22  Spine Crawler x2  
  138  9:28  Mutalisk x4  
  111  9:40  Mutalisk x2  
  89  9:48  Mutalisk  
  89  9:50  Zergling x12  
Show
View Real Time Build Order
Export as new Build Order

Probe Protoss - Winner!

Build Orders: 1 Gate Expand, Oracle Opening, Phoenix Opening, Mass Phoenix 

Get SALT Encoding   

  12  0:00  Probe  
  13  0:13  Probe  
  14  0:18  Pylon  
  14  0:25  Probe  
  14  0:27  Assimilator  
  15  0:33  Probe  
  15  0:42  Probe  
  16  0:43  Gateway  
  17  0:52  Probe  
  18  1:04  Probe  
  19  1:16  Probe  
  20  1:24  Nexus  
  20  1:36  Cybernetics Core  
  20  1:38  Probe  
  21  1:46  Assimilator  
  21  1:50  Probe  
  21  1:52  Pylon  
  22  2:01  Stalker, Probe  
  23  2:09  Probe  
  26  2:17  Probe  
  26  2:20  Stargate  
  27  2:28  Probe  
  28  2:31  Adept  
  28  2:34  Probe  
  28  2:37  Warp Gate  
  30  2:40  Probe  
  30  2:42  Probe  
  33  2:52  Probe x2  
  35  3:04  Phoenix, Probe  
  35  3:05  Probe  
  39  3:06  Pylon  
  39  3:13  Probe  
  39  3:16  Probe  
  39  3:17  Gateway  
  41  3:21  Probe  
  42  3:28  Probe  
  42  3:29  Oracle  
  42  3:31  Probe  
  42  3:33  Assimilator  
  47  3:38  Assimilator  
  47  3:40  Probe  
  48  3:43  Probe  
  48  3:47  Pylon  
  48  3:48  Pylon  
  49  3:52  Stargate  
  49  3:53  Probe  
  49  3:55  Probe  
  51  4:01  Phoenix  
  51  4:05  Probe  
  51  4:06  Pylon  
  51  4:07  Probe  
  56  4:17  Probe  
  56  4:19  Probe  
  56  4:23  Phoenix  
  57  4:26  Adept x2  
  57  4:29  Probe  
  64  4:34  Probe  
  65  4:41  Pylon, Phoenix, Probe  
  68  4:48  Phoenix  
  70  4:54  Nexus  
  70  5:00  Shield Battery  
  70  5:02  Probe x2  
  70  5:03  Phoenix  
  70  5:04  Phoenix  
  77  5:20  Robotics Facility  
  76  5:23  Robotics Facility  
  76  5:24  Probe x2  
  76  5:26  Pylon  
  78  5:35  Phoenix  
  80  5:36  Probe  
  80  5:37  Probe  
  80  5:42  Gateway  
  82  5:44  Gateway  
  82  5:49  Probe x2  
  84  5:55  Twilight Council  
  84  5:57  Forge  
  84  6:03  Zealot  
  86  6:06  Probe, Pylon x2  
  88  6:11  Probe  
  88  6:12  Immortal  
  88  6:19  Immortal, Zealot  
  88  6:20  Probe x2  
  88  6:23  Probe  
  97  6:32  Probe x2  
  103  6:38  Blink  
  103  6:41  Protoss Ground Weapons Level 1  
  103  6:42  Assimilator  
  103  6:43  Pylon, Probe  
  103  6:44  Assimilator  
  103  6:46  Phoenix, Pylon  
  106  6:52  Phoenix  
  108  7:01  Probe  
  111  7:08  Immortal  
  111  7:09  Protoss Air Weapons Level 1  
  111  7:13  Probe x2  
  113  7:16  Phoenix  
  115  7:26  Sentry x3  
  115  7:27  Gateway  
  115  7:29  Gateway  
  121  7:30  Gateway, Observer  
  121  7:32  Gateway  
  121  7:36  Pylon  
  122  7:47  Warp Prism  
  122  7:48  Pylon  
  122  7:49  Pylon  
  122  7:50  Pylon  
  122  7:52  Pylon  
  122  7:53  Stalker  
  122  7:54  Stalker x2  
  128  7:59  Photon Cannon  
  128  8:04  Stalker  
  130  8:07  Pylon x2  
  130  8:18  Adept  
  132  8:20  Sentry x2  
  132  8:26  Stalker x2  
  132  8:27  Stalker x2  
  142  8:33  Stalker  
  142  8:44  Nexus  
  142  8:49  Stalker x7  
  156  9:02  Stalker  
  158  9:15  Stalker x7  
  159  9:42  Stalker  
  159  9:43  Stalker x7  
  162  9:47  Probe  
  133  9:53  Phoenix x2  
  133  9:59  Probe  
  134  10:02  Probe  
Tags
 
Add a new tag
Caveats
  • Supply blocks, unpowered buildings, or Contaminate may cause inaccurate times.
  • Supply counts are checked every 10 seconds.